 Dungeon Crawl Stone Soup version 0.31.0-12-g77e489cdc1 (webtiles) character file.

Game seed: 17868188996353897302

136974 Amplified the Deadly Accurate (level 16, -4/141 HPs)
             Began as an Armataur Gladiator on Feb 10, 2024.
             Was a Priest of the Shining One.
             Succumbed to a redback's poison
             ... on level 1 of the Spider Nest on Mar 1, 2024.
             The game lasted 00:59:04 (26098 turns).

Amplified the Deadly Accurate (Armataur Gladiator) Turns: 26098, Time: 00:59:05

Health: -4/141     AC: 16    Str: 26    XL:     16   Next: 45%
Magic:  21/24      EV:  9    Int: 13    God:    the Shining One [***...]
Gold:   665        SH: 11    Dex: 12    Spells: 22/26 levels left

rFire   + . .        N - +4 consecrated labrys {holy, Valiant ^Fragile Fly SInv}
rCold   + + .        b - +0 kite shield {reflect}
rNeg    + . .        D - +0 acid dragon scales
rPois   +            c - +2 helmet
rElec   +            I - +1 cloak "Zakecsaxt" {rC+ Int+3 Stlth+}
rCorr   +            o - +2 pair of gloves
SInv    +            (no barding)
Will    ++...        (no amulet)
Stlth   +            A - ring of poison resistance
HPRegen 0.43/turn    p - ring "Plog" {rElec rF+ rC+}
MPRegen 0.19/turn

%: reflection, roll
@: lethally poisoned (-4 -> -29), enlightened, flying, glowing, studying 2
skills
A: large, deformed body, tough skin 3, armoured tail, roll 2
a: Renounce Religion, Divine Shield, Cleansing Flame


You were on level 1 of the Spider Nest.
You worshipped the Shining One.
The Shining One was most pleased with you.
You visited 5 branches of the dungeon, and saw 24 of its levels.
You also visited: Bailey and Volcano.

You collected 2781 gold pieces.
You spent 2116 gold pieces at shops.

Inventory:

Hand Weapons
 N - the +4 consecrated labrys (weapon) {holy, Valiant ^Fragile Fly SInv}
   (You bought it in a shop on level 4 of the Dungeon)

   Valiant:   It becomes more powerful as more dangerous foes come into view.
   SInv:      It lets you see invisible.
   Fly:       It grants you flight.
   ^Fragile:  It will be destroyed if unequipped.
Missiles
 e - 4 javelins (quivered)
 i - 53 poisoned darts
 k - 7 curare-tipped darts
Armour
 b - a +0 kite shield of reflection (worn)
 c - a +2 helmet (worn)
 o - a +2 pair of gloves (worn)
 r - a +1 ring mail of fire resistance
 D - +0 acid dragon scales (worn)
 I - the +1 cloak "Zakecsaxt" (worn) {rC+ Int+3 Stlth+}
   (You found it on level 11 of the Dungeon)

   Int+3:     It affects your intelligence (+3).
   rC+:       It protects you from cold.
   Stlth+:    It makes you more stealthy.
 K - a +0 kite shield of fire resistance
Jewellery
 h - a ring of flight
 j - a +4 ring of protection
 n - a ring of positive energy
 p - the ring "Plog" (right hand) {rElec rF+ rC+}
   (You bought it in a shop on level 2 of the Orcish Mines)

   [ring of protection from fire]

   rF+:       It protects you from fire.
   rC+:       It protects you from cold.
   rElec:     It insulates you from electricity.
 A - a ring of poison resistance (left hand)
 C - a ring of willpower
Wands
 d - a wand of mindburst (12)
 s - a wand of paralysis (31)
 v - a wand of flame (33)
 x - a wand of roots (38)
 y - a wand of polymorph (5)
 M - a wand of quicksilver (3)
Scrolls
 f - 6 scrolls of teleportation
 l - 2 scrolls of revelation
 t - 2 scrolls of fog
 u - 2 scrolls of noise
 F - 2 scrolls of silence
 H - 4 scrolls of amnesia
 O - a scroll of brand weapon
 P - a scroll of vulnerability
 T - 2 scrolls of enchant weapon
 U - 2 scrolls of immolation
Potions
 g - 3 potions of magic
 w - 4 potions of invisibility
 z - a potion of cancellation
 B - 3 potions of attraction
 E - 2 potions of mutation
 G - 4 potions of enlightenment
 J - 2 potions of brilliance
Miscellaneous
 q - a lightning rod (3/4)
 L - a tin of tremorstones (inert)
 R - a phial of floods
 X - a phantom mirror (inert)


   Skills:
 * Level 12.9 Fighting
 * Level 13.9(14.0) Axes
 - Level 2.4(10.1) Maces & Flails
 * Level 17.2 Throwing
 * Level 6.0 Armour
 - Level 2.1 Dodging
 * Level 9.9 Shields
 - Level 5.5 Spellcasting
 - Level 6.7 Fire Magic
 * Level 9.5 Alchemy
 - Level 10.5 Invocations


You had 22 spell levels left.
You knew the following spells:

 Your Spells              Type           Power      Damage    Failure   Level
a - Sticky Flame          Fire/Alch      24%        2d6       12%         4

Your spell library contained the following spells:

 Spells                   Type           Power      Damage    Failure   Level
 Sting                    Conj/Alch      64%        1d7       4%          1
 Olgreb's Toxic Radiance  Alch           28%        N/A       7%          4
 Mercury Vapours          Alch/Air       32%        N/A       8%          2
 Ignite Poison            Fire/Alch      24%        N/A       12%         4
 Cigotuvi's Dreadful Rot  Necr/Alch/Air  22%        N/A       14%         2
 Alistair's Intoxication  Alch           18%        N/A       19%         5
 Inner Flame              Hex/Fire       12%        N/A       26%         3
 Volatile Blastmotes      Fire/Tloc      24%        2d12      26%         3
 Apportation              Tloc           6%         N/A       34%         1
 Slow                     Hex            12%        N/A       34%         1
 Fulminant Prism          Conj/Alch      8%         3d6       45%         4
 Ensorcelled Hibernation  Hex/Ice        6%         N/A       47%         2
 Jinxbite                 Hex            6%         N/A       47%         2
 Momentum Strike          Conj/Tloc      6%         3d8       47%         2
 Flame Wave               Conj/Fire      12%        2d6       65%         4
 Confusing Touch          Hex            3%         N/A       71%         3
 Dazzling Flash           Conj/Hex       6%         N/A       71%         3
 Passwall                 Erth           3%         N/A       71%         3
 Sigil of Binding         Hex            3%         N/A       71%         3
 Swiftness                Air            3%         N/A       71%         3
 Vampiric Draining        Necr           3%         2d6       71%         3
 Eringya's Noxious Bog    Alch           14%        4d6       71%         6
 Airstrike                Air            1%         2d(1-17)  98%         4
 Iskenderun's Mystic Bla  Conj/Tloc      3%         2d3       98%         4
 Manifold Assault         Tloc           3%         N/A       98%         4
 Conjure Ball Lightning   Conj/Air       1%         3x3d6     100%        6
 Sculpt Simulacrum        Ice/Alch       8%         N/A       100%        6
 Starburst                Conj/Fire      6%         6d4       100%        6
 Ozocubu's Refrigeration  Ice            1%         4d7       100%        7
 Spellforged Servitor     Conj/Summ      1%         N/A       100%        7
 Discord                  Hex            1%         N/A       100%        8
 Disjunction              Tloc           1%         N/A       100%        8
 Ignition                 Fire           10%        3d5       100%        8
 Maxwell's Capacitive Co  Air            1%         ∞         100%        8
 Polar Vortex             Ice            1%         N/A       100%        9


Dungeon Overview and Level Annotations

Branches:
Dungeon (15/15)            Temple (1/1) D:4            Lair (5/5) D:10
  Swamp (0/4) Lair:2       Spider (1/4) Lair:2        Slime (0/5) Lair:4
    Orc (2/2) D:10            Elf (0/3) Orc:2        Vaults (0/5) D:13
 Depths (0/4) D:15         Bailey (visited)         Volcano (visited)

Altars:
Ashenzari
Cheibriados
Dithmenos
Elyvilon
Fedhas
Gozag
Hepliaklqana
Kikubaaqudgha
Makhleb
Nemelex Xobeh
Okawaru
Qazlal
Ru
Sif Muna
Trog
Uskayaw
Vehumet
Wu Jian
Xom
Yredelemnul
Zin
The Shining One
Jiyva

Shops:
D:1 :   D:4 (   D:13 (   Orc:2 =(([


Innate Abilities, Weirdness & Mutations

Armour fits poorly on your strangely shaped body.
You have extremely tough skin. (AC +3)
You have a long armoured tail.
You regenerate magic and health when rolling toward enemies. (Rampage Regen)


Message History

You slice the jumping spider!!
The jumping spider is almost dead.
You block the jumping spider's attack. x2; The jumping spider pounces on you.
* * * LOW HITPOINT WARNING * * *
The jumping spider completely misses you.
Unknown command.
You slice the redback!!
The redback is almost dead.
You barely miss the jumping spider. The jumping spider closely misses you.
You block the jumping spider's attack. The redback bites you.
* * * LOW HITPOINT WARNING * * *
You are lethally poisoned!
The redback poisons you!
Unknown command.
Okay, then.
You chop the redback into pieces!!!
You kill the redback!
You slash the jumping spider!
You kill the jumping spider!
* * * LOW HITPOINT WARNING * * *
You feel extremely sick.
Unknown command.
Unknown command.
Unknown command.
Okay, then.
Okay, then.
Okay, then.
Okay, then.
Okay, then.
Casting: Sticky Flame (dangerous; 12% risk of failure)
Confirm with . or Enter, or press ? or * to list all spells.
Okay, then.
Okay, then.
Okay, then.
Okay, then.
* * * LOW HITPOINT WARNING * * *
You feel extremely sick.
You see here a redback corpse.
Unknown command.
You die...

..#^...#..^#....*,^,*,,,**,^*,,*,
..##..<#^###...###,,*,*,,*,,*,,*,
#......####..>...**,***,,*,,**,*^
#...#....##w....,,****,,,*,,,***,
##..##..#####..###* **,**,,**,,,
#...#..##.#......# **,*****,,,,
..######..##.y§§### *~,,,,~~,,,,
.##..#......†#§§§§## **~,,,~~^,,~
##...#.......##§@.§###.#~~~~~~~~*
##...#......####?§§....~#~,~~,~*~
,,,,,,...s#.,,,#§#####.~.,~~~~,,~
,,**,,.y..#.,,,###* *~~~~,,,,~~~
***,,,..#*#,*,,,,,* *,~,,~~~~,,~
**,,*,..,,***,,,,,* *,~*~,~~,~*~
*****,,,,,*,,,,**** *,*~~~~~~~~*
*,,,,,,*****,,,* **~,,,~~,,,~
,,,,,,,,,****,,** *~,,,,~~,,,,


There were no monsters in sight!

Vanquished Creatures
  Saint Roka (Orc:2)
  Agnes (D:14)
  Donald (Orc:2)
  A very ugly thing (D:15)
  An orc warlord (Bailey)
  The ghost of Vufrucs the Grappler, a journeyman DrSh of Wu Jian (Lair:4)
  An eleionoma (Lair:2)
  A dire elephant (D:15)
  The ghost of ghwc the Carver, a journeyman DEFE of Vehumet (Lair:4)
  A great orb of eyes (D:8)
  An ettin (Orc:2)
  The ghost of tadhg the Eclecticist, a journeyman DECj of Hepliaklqana (Lair:4)
  5 hydras
  Erolcha (D:10)
  4 centaur warriors
  An ice dragon (Lair:5)
  A catoblepas (D:14)
  4 boulder beetles
  4 two-headed ogres
  A demonic crawler (Spider:1)
  2 tengu warriors
  15 death yaks
  A deep troll earth mage (D:13)
  An orc high priest (Orc:1)
  Sonja (D:11)
  A skyshark (Lair:2)
  17 spriggans
  A pharaoh ant (Spider:1)
  4 skeletal warriors (D:13)
  A sun moth (Spider:1)
  The ghost of Pokrew the Skirmisher, a novice GnHu of Hepliaklqana (D:9)
  A salamander mystic (D:15)
  An arcanist (D:13)
  8 orc knights
  2 lindwurms (Volcano)
  3 harpies (D:14)
  3 deep elf pyromancers
  3 wolf spiders (Spider:1)
  12 ugly things
  2 orc sorcerers
  3 manticores
  2 cyclopes
  8 kobold blastminers (Orc:2)
  7 meliai
  13 elephants
  4 black mambas
  A molten gargoyle (Volcano)
  Joseph (D:7)
  7 cane toads
  3 torpor snails
  An orange demon (D:12)
  2 unseen horrors
  3 gargoyles
  An unseen horror (shapeshifter) (D:13)
  A rime drake (Lair:1)
  Maggie (D:8)
  4 yaktaurs (D:15)
  2 efreet (Volcano)
  A freezing wraith (D:14)
  Psyche (D:9)
  3 kobold demonologists (D:12)
  15 komodo dragons
  An ice devil (D:12)
  8 trolls
  A red devil (D:12)
  7 polar bears
  A queen bee (D:9)
  4 tarantellas (Spider:1)
  10 hornets
  A dream sheep (Lair:5)
  9 blink frogs
  3 jumping spiders (Spider:1)
  Sigmund (D:3)
  30 slime creatures
  2 wraiths
  2 shadows
  69 yaks
  6 wyverns
  2 vampires
  3 fire elementals (Volcano)
  3 wargs
  10 basilisks
  Grum (D:11)
  2 neqoxecs (D:12)
  A redback (Spider:1)
  6 vampire mosquitoes
  2 chaos spawn (D:12)
  2 acid dragons
  A swamp drake (D:10)
  3 sky beasts
  12 water moccasins
  4 black bears
  36 orc warriors
  2 ice beasts
  4 laughing skulls
  A meliai simulacrum (D:13)
  24 wolves
  3 boggarts (Lair:5)
  4 centaurs
  14 ogres
  A phantom (D:5)
  6 kobold brigands
  A gnoll sergeant (D:10)
  11 bullfrogs
  2 scorpions
  5 earth elementals (Volcano)
  11 wights
  26 killer bees
  5 howler monkeys
  4 electric eels
  5 jellies
  4 hounds
  24 orc priests
  A gnoll bouda (D:7)
  An iguana (D:5)
  2 sleepcaps
  Ijyb (D:3)
  33 orc wizards
  5 hell rats (Lair:2)
  The ghost of ProstoSmile the Conjurer, a weakling DgCj (D:3)
  Robin (D:4)
  18 gnolls
  7 adders
  5 white imps
  An ufetubus (D:7)
  120 orcs
  A bat (D:2)
  6 endoplasms
  3 giant cockroaches
  15 goblins
  19 hobgoblins
  6 jackals (D:2)
  36 kobolds
  6 quokkas
  7 ball pythons
  A frilled lizard (D:1)
  4 rats
  A spectral hobgoblin (D:9)
898 creatures vanquished.

Notes
Turn   | Place    | Note
-------+----------+-------------------------------------------
     0 | D:1      | Amplified the Armataur Gladiator began the quest for the
                  | Orb.
     0 | D:1      | Reached XP level 1. HP: 17/17 MP: 1/1
   210 | D:1      | Found Caje Cifati's Book Shop.
   275 | D:1      | Reached skill level 2 in Throwing
   307 | D:1      | Reached XP level 2. HP: 23/24 MP: 2/2
   311 | D:1      | Reached skill level 1 in Armour
   439 | D:1      | Found a faded altar of an unknown god.
   675 | D:2      | Reached XP level 3. HP: 29/29 MP: 3/3
  1446 | D:3      | Found a shimmering blue altar of Sif Muna.
  1451 | D:3      | Found a sparkling altar of Nemelex Xobeh.
  1470 | D:3      | Reached XP level 4. HP: 22/37 MP: 4/4
  1642 | D:3      | Noticed Sigmund
  1740 | D:3      | Noticed Ijyb
  1822 | D:4      | Found a shadowy altar of Dithmenos.
  1861 | D:5      | Entered Level 5 of the Dungeon
  2014 | D:5      | Reached XP level 5. HP: 32/44 MP: 5/5
  2095 | D:5      | Noticed an ogre
  2099 | D:5      | Killed an ogre
  2100 | D:5      | Reached skill level 3 in Throwing
  2171 | D:5      | Noticed a centaur
  2194 | D:4      | Reached XP level 6. HP: 29/51 MP: 6/6
  2336 | D:4      | Found a staircase to the Ecumenical Temple.
  2345 | Temple   | Entered the Ecumenical Temple
  2358 | Temple   | Became a worshipper of the Shining One
  2426 | D:4      | Noticed Robin
  2589 | D:3      | Killed Sigmund
  2590 | D:3      | Reached skill level 1 in Maces & Flails
  2762 | D:3      | Gained mutation: You regenerate magic and health when
                  | rolling toward enemies. (Rampage Regen) [Armataur growth]
  2762 | D:3      | Reached XP level 7. HP: 48/58 MP: 7/7
  2865 | D:3      | Reached skill level 4 in Throwing
  3127 | D:3      | Killed Ijyb
  3236 | D:3      | Found an opulent altar of Gozag.
  3267 | D:3      | Found a runed translucent door.
  3267 | D:3      | Noticed ProstoSmile's ghost (weakling DgCj)
  3528 | D:4      | Found a shimmering altar of Xom.
  3560 | D:4      | Reached skill level 1 in Shields
  3674 | D:4      | Killed Robin
  3686 | D:4      | Reached skill level 5 in Armour
  3729 | D:4      | Identified the +2 scale mail of the Chupacabra {Dex+3}
  3733 | D:4      | Found Icaodory's Antique Weapon Shop.
  4019 | D:5      | Reached XP level 8. HP: 67/67 MP: 8/8
  4027 | D:5      | Found a blossoming altar of Fedhas.
  4206 | D:5      | Identified a scroll of acquirement
  4206 | D:5      | Acquired a manual of Axes
  4252 | D:5      | Reached * piety under the Shining One
  4253 | D:5      | Reached skill level 5 in Throwing
  4668 | D:6      | Reached skill level 5 in Fighting
  4747 | D:6      | Reached skill level 5 in Axes
  4747 | D:6      | Reached skill level 6 in Throwing
  4864 | D:6      | You fall into a shaft and drop 2 floors!
  4919 | D:7      | Reached XP level 9. HP: 54/74 MP: 9/9
  4963 | D:7      | Found a flagged portal.
  4992 | D:7      | Identified the +4 long sword "Lipeabe" {antimagic, rC+
                  | Dex+5}
  5006 | Bailey   | Entered a bailey
  5011 | Bailey   | Noticed an orc warlord
  5101 | Bailey   | Found a runed translucent gate.
  5123 | Bailey   | Found a runed translucent gate.
  5123 | Bailey   | Found a runed translucent gate.
  5141 | Bailey   | Reached skill level 5 in Shields
  5206 | Bailey   | Reached skill level 7 in Throwing
  5280 | Bailey   | Killed an orc warlord
  5281 | Bailey   | Reached skill level 8 in Throwing
  5308 | Bailey   | Identified the +0 leather armour "Lienueh" {rPois rC+
                  | Int+5}
  5316 | Bailey   | Acquired a manual of Throwing
  5522 | D:7      | Reached XP level 10. HP: 42/84 MP: 10/10
  5705 | D:7      | Noticed Joseph
  5719 | D:7      | Killed Joseph
  6104 | D:7      | Acquired a manual of Throwing
  6688 | D:6      | Found a white marble altar of Elyvilon.
  6690 | D:6      | Identified the +0 leather armour "Arojiv" {Harm Str+3
                  | Stlth-}
  6772 | D:8      | Reached skill level 9 in Throwing
  6793 | D:8      | Found a transporter.
  6794 | D:8      | Reached ** piety under the Shining One
  6796 | D:8      | Noticed Maggie
  6821 | D:8      | Killed Maggie
  7163 | D:8      | Found a viscous altar of Jiyva.
  7163 | D:8      | Noticed a great orb of eyes
  7195 | D:8      | Found a transporter.
  7382 | D:9      | Noticed Psyche
  7390 | D:9      | Killed Psyche
  7408 | D:9      | Reached skill level 10 in Throwing
  7448 | D:9      | Noticed Pokrew's ghost (novice GnHu)
  7633 | D:9      | Reached XP level 11. HP: 50/94 MP: 11/11
  8026 | D:9      | Found a hazy altar of Hepliaklqana.
  8111 | D:9      | Found a transporter.
  8167 | D:9      | Found a transporter.
  8248 | D:10     | Entered Level 10 of the Dungeon
  8248 | D:10     | Noticed a death yak
  8248 | D:10     | Noticed a death yak
  8248 | D:10     | Reached *** piety under the Shining One
  8248 | D:10     | Found a staircase to the Lair.
  8249 | D:10     | Noticed a death yak
  8366 | D:10     | Noticed a death yak
  8366 | D:10     | Noticed a death yak
  8367 | D:10     | Noticed a death yak
  8367 | D:10     | Noticed a death yak
  8367 | D:10     | Noticed a death yak
  8368 | D:10     | Noticed a death yak
  8408 | D:9      | Killed a death yak
  8520 | D:10     | Reached skill level 11 in Throwing
  8719 | D:10     | Reached skill level 10 in Axes
  8883 | D:10     | Found a staircase to the Orcish Mines.
  8977 | D:10     | Identified the +2 leather armour "Pintak" {rC++ Stlth+}
  9064 | D:10     | Reached skill level 1 in Invocations
  9077 | D:10     | Killed a death yak
  9092 | D:10     | Killed a death yak
  9103 | D:10     | Killed a death yak
  9117 | D:10     | Killed a death yak
  9127 | D:10     | Killed a death yak
  9128 | D:10     | Reached skill level 12 in Throwing
  9144 | D:10     | Killed a death yak
  9158 | D:10     | Reached XP level 12. HP: 90/104 MP: 14/14
  9172 | D:10     | Killed a death yak
  9184 | D:10     | Killed a death yak
 10036 | D:11     | Noticed Sonja
 10038 | D:11     | Killed Sonja
 10062 | D:11     | Noticed a two-headed ogre
 10073 | D:11     | Killed a two-headed ogre
 10255 | D:11     | Noticed Grum
 10361 | D:11     | Killed Grum
 10453 | D:11     | Reached skill level 5 in Invocations
 10557 | D:11     | Reached skill level 13 in Throwing
 10574 | D:11     | Identified the +1 cloak "Zakecsaxt" {rC+ Int+3 Stlth+}
 10691 | D:11     | Noticed a boulder beetle
 10712 | D:11     | Killed a boulder beetle
 11153 | D:4      | Bought the +4 consecrated labrys {holy, Valiant ^Fragile
                  | Fly SInv} for 872 gold pieces
 11153 | D:4      | Found the +4 consecrated labrys {holy, Valiant ^Fragile Fly
                  | SInv}
 11254 | D:3      | Killed ProstoSmile's ghost
 11422 | D:9      | Reached skill level 10 in Fighting
 11427 | D:9      | Killed Pokrew's ghost
 11958 | D:12     | Reached **** piety under the Shining One
 12119 | D:12     | Reached XP level 13. HP: 110/114 MP: 11/17
 12553 | Orc:1    | Entered Level 1 of the Orcish Mines
 12553 | Orc:1    | Noticed Erolcha
 12557 | Orc:1    | Reached skill level 14 in Throwing
 12841 | D:10     | Killed Erolcha
 13164 | Orc:2    | Entered Level 2 of the Orcish Mines
 13164 | Orc:2    | Noticed an ettin
 13169 | Orc:2    | Killed an ettin
 13371 | Orc:2    | Found Sisasch's Jewellery Boutique.
 13430 | Orc:2    | Found a staircase to the Elven Halls.
 13431 | Orc:2    | Noticed Donald
 13721 | D:1      | Bought a book of Flames for 308 gold pieces
 13726 | D:1      | Learned a level 4 spell: Sticky Flame
 13948 | D:13     | Reached skill level 1 in Fire Magic
 13948 | D:13     | Reached skill level 1 in Alchemy
 14665 | D:13     | Acquired a manual of Alchemy
 14691 | D:13     | Found Ikyen's Weapon Emporium.
 14731 | D:13     | Found a gate to the Vaults.
 15021 | D:13     | Reached skill level 15 in Throwing
 15049 | D:13     | Got the Meditations on Transportation and the Snake
 15066 | D:13     | Reached skill level 1 in Spellcasting
 15164 | D:14     | Reached XP level 14. HP: 37/124 MP: 14/20
 15420 | D:14     | Noticed Agnes
 15621 | Lair:1   | Entered Level 1 of the Lair of Beasts
 16012 | Lair:2   | Found a hole to the Spider Nest.
 16136 | Lair:4   | Noticed tadhg's ghost (journeyman DECj)
 16136 | Lair:4   | Noticed ghwc's ghost (journeyman DEFE)
 16136 | Lair:4   | Noticed Vufrucs's ghost (journeyman DrSh)
 16136 | Lair:4   | Found a runed translucent gate.
 16136 | Lair:4   | Found a runed translucent gate.
 16136 | Lair:4   | Found a runed translucent gate.
 16166 | Lair:4   | Identified the +9 hand axe of Heenu {elec, rF++ Will+}
 16252 | Lair:4   | Found a viscous altar of Jiyva.
 16252 | Lair:4   | Found a staircase to the Slime Pits.
 16304 | Lair:5   | Entered Level 5 of the Lair of Beasts
 16474 | Lair:5   | Found a dark tunnel.
 16479 | Volcano  | Entered a volcano
 16840 | Volcano  | Reached skill level 5 in Alchemy
 17367 | Lair:5   | Got an earthy gem with 2513 turns to spare
 17460 | Lair:5   | Got Alyr's Volume of the Cooperative Nimbus
 17974 | Lair:5   | Paralysed by a hornet for 2 turns
 18148 | Lair:5   | Reached XP level 15. HP: 116/132 MP: 21/21
 18154 | Lair:5   | Reached skill level 16 in Throwing
 18170 | Lair:5   | Reached skill level 5 in Fire Magic
 21060 | Lair:2   | Found a staircase to the Swamp.
 22118 | Orc:2    | Killed Donald
 22494 | Orc:2    | Noticed Saint Roka
 22530 | Orc:2    | Killed Saint Roka
 22780 | Orc:2    | Found Fitixkoh's Antique Armour Emporium.
 22782 | Orc:2    | Found Pifilyen's Antique Weapon Shoppe.
 22789 | Orc:2    | Bought a glowing kite shield for 292 gold pieces
 22906 | Orc:2    | Found Zezxelixt's Antique Weapon Shop.
 22979 | Orc:1    | Reached skill level 10 in Invocations
 23247 | Orc:2    | Bought the ring "Plog" {rElec rF+ rC+} for 644 gold pieces
 23720 | D:14     | Killed Agnes
 23721 | D:14     | Reached skill level 5 in Spellcasting
 24051 | D:15     | Entered Level 15 of the Dungeon
 24133 | D:15     | Found a stormy altar of Qazlal.
 24176 | D:15     | Found a staircase to the Depths.
 24181 | D:15     | Reached XP level 16. HP: 123/141 MP: 23/23
 24676 | D:15     | Reached skill level 17 in Throwing
 25727 | Lair:4   | Killed tadhg's ghost
 25733 | Lair:4   | Killed ghwc's ghost
 25740 | Lair:4   | Killed Vufrucs's ghost
 25754 | Lair:4   | Identified the staff "Plog" {rC+ rN+ Int+3 Necro}
 25899 | Lair:4   | Upgraded the game from 0.31.0-11-ge490571c62 to
                  | 0.31.0-12-g77e489cdc1
 26001 | Spider:1 | Entered Level 1 of the Spider Nest
 26062 | Spider:1 | HP: 7/141 [culicivora (19)]
 26062 | Spider:1 | HP: 3/141 [tarantella (4)]
 26073 | Spider:1 | HP: 6/141 [demonic crawler (3)]
 26073 | Spider:1 | HP: 1/141 [demonic crawler (5)]
 26097 | Spider:1 | HP: 2/141 [poisoned by a redback]
 26098 | Spider:1 | Succumbed to a redback's poison

Illustrated notes

Levels and vault maps discovered:
D:1:      ncdulo_watergridlock, layout_basic, serial_shops,
          nicolae_shop_tiny_real_fake_doors, hellmonk_ecumenical_altar_zigzags,
          serial_bayou_lagoon_a, minmay_close_crescents
D:2:      layout_basic
D:3:      cheibrodos_thug_alley, layout_basic, mainiacjoe_overflow_alcove_1,
          mainiacjoe_overflow_catwalk_spiral, gammafunk_ghost_grave,
          uniq_sigmund, uniq_ijyb
D:4:      layout_rooms, grunt_dithmenos_smoke_and_mirrors, kennysheep_mini,
          minmay_temple_entry_mini_moons, serial_shops,
          nicolae_shop_advertising_works [nicolae_subvault_shop_adworks],
          minmay_manual_mares, uniq_robin
D:5:      layout_loops_ring, marbit_many_paths, reono_crystal_passage,
          chequers_serial_rivers_micro_e, minmay_misc_feat_more_columns,
          kb_lookout_dungeons_type, corexii_checkpoint
D:6:      layout_loops_ring, mainiacjoe_overflow_alcove_2, minivault_23
D:7:      layout_basic, enter_bailey_4, minmay_bent, uniq_joseph
D:8:      gammafunk_jiyva_shrine, layout_basic, uniq_maggie
D:9:      layout_gridville, nicolae_hepliaklqana_monster_ancestors,
          gammafunk_ghost_hive, kennysheep_generic_room_16, uniq_psyche
D:10:     layout_loops_ring, dpeg_lair_monsters, erik_orc_1, water_maze_lemuel
D:11:     layout_small_grid, minmay_door_square, uniq_grum, uniq_sonja
D:12:     layout_roguey, grunt_ministairs_14, nicolae_neqoxec_dot_bat
D:13:     cheibrodos_elevator_heist, layout_basic,
          hellmonk_vaults_attempted_burglary, serial_shops,
          nicolae_shop_tiny_real_fake_doors, kennysheep_small_spiral
D:14:     layout_rooms, dreamdust_princess_corridor, argonaut_gorgonesque,
          uniq_agnes
D:15:     hangedman_depths_entry_try_elsewhere_first, layout_small_grid,
          grunt_qazlal_clouds
Temple:   nicolae_temple_ecumenical_triangle
Lair:1:   layout_roguey, serial_bayou_pond_e
Lair:2:   statuecave_lemuel, layout_long_grid,
          alex1729_swamp_entry_worm_eleionoma,
          hellmonk_spider_entry_not_the_bees, forest_entry_grove,
          grunt_megastairs_4, infiniplex_staircase_pool
Lair:3:   layout_cave_pods, hibernation_bobbens, grunt_megastairs_1
Lair:4:   layout_loops_ring, dpeg_slime_entry_corner, gammafunk_ghost_cemetery,
          beast_lair_carwin_6
Lair:5:   minmay_lair_end_enchanted_forest, layout_long_grid, enter_volcano_4,
          bobbens_ice_dragon_lair
Spider:1: layout_spider_delve, guppyfry_spider_mini_3
Orc:1:    layout_caves, uniq_erolcha
Orc:2:    grunt_orc_community_town_hall, layout_diamond_mine,
          grunt_orc_community_big_house_2, grunt_orc_community_big_house_1,
          grunt_orc_community_house_1, grunt_orc_community_house_3,
          grunt_orc_community_house_3, grunt_orc_community_house_2,
          grunt_orc_community_house_2, grunt_orc_community_house_2, uniq_donald

Skill      XL: |  1  2  3  4  5  6  7  8  9 10 11 12 13 14 15 16 |
---------------+-------------------------------------------------+-----
Fighting       | 2 3 4 5 6 7 9 10 11 12 | 12.9
Throwing       | 2 3 4 6 8 10 12 13 15 16 17 | 17.2
Armour         | 1 2 3 4 5 6 |  6.0
Axes           | 3 5 7 9 10 12 13 | 13.9
Maces & Flails | 1 2 |  2.4
Shields        | 2 4 6 8 9 |  9.9
Invocations    | 3 6 8 9 10 | 10.5
Fire Magic     | 3 4 6 |  6.7
Alchemy        | 3 6 8 9 |  9.5
Spellcasting   | 1 3 5 |  5.5
Dodging        | |  2.1

Action                     |  1- 3 |  4- 6 |  7- 9 | 10-12 | 13-15 | 16-18 || total
---------------------------+-------+-------+-------+-------+-------+-------++-------
  Melee: War axe           |    92 |    71 |       |       |       |       ||   163
         Tailslap          |     5 |    18 |    60 |   136 |   192 |    25 ||   436
         Punch             |       |     5 |       |       |       |       ||     5
         Flail             |       |    72 |    75 |       |       |       ||   147
         Trident           |       |       |   259 |   681 |       |       ||   940
         Labrys            |       |       |       |    70 |  1083 |   132 ||  1285
  Throw: Throwing net      |       |     6 |     1 |       |     1 |       ||     8
         Dart              |       |       |     2 |     5 |    13 |       ||    20
         Javelin           |       |       |       |       |    19 |     7 ||    26
   Cast: Sticky Flame      |       |       |       |       |     4 |     3 ||     7
 Invoke: Divine Shield     |       |       |     1 |    13 |    27 |     2 ||    43
         Cleansing Flame   |       |       |       |     3 |    33 |    16 ||    52
  Evoke: Wand              |       |       |     4 |     9 |     3 |     4 ||    20
         Lightning rod     |       |       |       |       |     8 |     1 ||     9
         Phantom mirror    |       |       |       |       |     1 |     1 ||     2
         Tin of tremorston |       |       |       |       |       |     2 ||     2
    Use: Scroll            |     4 |     4 |    10 |     7 |    19 |     7 ||    51
         Potion            |       |     5 |     3 |    11 |    16 |     7 ||    42
   Stab: Sleeping          |     2 |       |       |       |       |       ||     2
 Armour: Leather armour    |    61 |   138 |    28 |       |       |       ||   227
         Skin              |       |     8 |       |    35 |    62 |       ||   105
         Ring mail         |       |       |   214 |   194 |   582 |   121 ||  1111
         Acid dragon scale |       |       |       |   299 |   331 |    60 ||   690
  Dodge: Dodged            |    46 |   124 |   134 |   212 |   328 |    50 ||   894
  Block: Buckler           |       |       |    70 |   286 |   474 |       ||   830
         Kite shield       |       |       |       |       |    94 |   122 ||   216
         Reflection        |       |       |       |       |       |     6 ||     6
